 Dungeon Sprint DCSS version 0.26.1-2-gb8aa6d0cf2 (webtiles) character file.

Game seed: 12057553777386290443

1200000 Groucho the Spry (level 12, -13/85 HPs)
             Began as a Ghoul Brigand on Feb 22, 2021.
             Was an Initiate of Makhleb.
             Mangled by a meat berserker
             ... wielding a +9 battleaxe
              (33 damage)
             ... in the Dungeon (Sprint VIII: "Arena of Blood").
             The game lasted 00:00:43 (12 turns).

Groucho the Spry (Ghoul Brigand)                      Turns: 12, Time: 00:00:44

Health: -13/85     AC:  3    Str: 16    XL:     12   Next: 2%
Magic:  11/11      EV: 24    Int:  6    God:    Makhleb [......]
Gold:   0          SH:  0    Dex: 14    Spells: 11/11 levels left

rFire    . . .     SeeInvis .   (no weapon)
rCold    + . .     Faith    .   (no shield)
rNeg     + + +     Spirit   .   b - +0 robe
rPois    ∞         Reflect  .   (no helmet)
rElec    .         Harm     .   c - +0 cloak
rCorr    .         Rampage  .   (no gloves)
Will     .....     NoTele   +   (no boots)
Stlth    +++.......             (no amulet)
HPRegen  0.00/turn              (no ring)
MPRegen  0.12/turn              (no ring)

@: no status effects
A: claws 1, cold resistance 1, negative energy resistance 3, inhibited
regeneration, torment resistance, unbreathing
a: Renounce Religion


You were in the Dungeon.
You worshipped Makhleb.
Makhleb was noncommittal.
You visited 1 branch

Inventory:

Hand Weapons
 a - a +2 dagger
 k - the +∞ Axe of Woe
   (You found it in the Dungeon)
Missiles
 d - 8 poisoned darts (quivered)
 e - 2 curare-tipped darts
Armour
 b - a +0 robe (worn)
 c - a +0 cloak (worn)
Scrolls
 j - a scroll of blinking
Potions
 f - a potion of curing
 g - a potion of heal wounds
 h - a potion of haste
 i - 2 potions of magic


   Skills:
 - Level 2.1 Fighting
 - Level 1.7 Short Blades
 + Level 18.1 Axes
 - Level 1.7 Throwing
 + Level 18.1 Dodging
 - Level 4.3 Stealth


You had 11 spell levels left.
You didn't know any spells.
Your spell library was empty.

Dungeon Overview and Level Annotations

Branches:
Dungeon (1/1)

Altars:
Makhleb


Innate Abilities, Weirdness & Mutations

You thrive by killing the living.
You are immune to poison.
You have sharp fingernails.
Your flesh is cold resistant. (rC+)
You are immune to negative energy. (rN+++)
You do not regenerate when monsters are visible.
You are immune to unholy pain and torment.
You can survive without breathing.


Message History

Unknown command.
Unknown command.
No item to drop.
You are too injured to fight recklessly!
Unknown command.
Really attack while wielding nothing?
Okay, then.
Okay, then.
Unknown command.
Okay, then.
Really attack while wielding nothing?
Okay, then.
Unknown command.
Really attack while wielding nothing?
Okay, then.
Unknown command.
k - the +∞ Axe of Woe The bag of meat shouts!
You hear a shout! x5
The meat berserker hits you with a +9 battleaxe!!
You die...

..... .. #...
.# . #... ..#
..###... ..###.
.O....###......
....._....O.
#..O..# #_.@o_#
#..oo.#
....._......
......###o.....
..###... ..###.
. #... ..# #...
o# ..... ..


You could see 3 meat berserkers and 5 bags of meat.

Vanquished Creatures
  An orc (D)
1 creature vanquished.

Notes
Turn   | Place    | Note
-------+----------+-------------------------------------------
     0 | D        | Found the +∞ Axe of Woe
     0 | D        | Groucho the Ghoul Brigand began the quest for the Orb.
     0 | D        | Reached XP level 1. HP: 17/17 MP: 0/0
     2 | D        | Noticed a bag of meat
     3 | D        | Noticed a bag of meat
     4 | D        | Became a worshipper of Makhleb the Destroyer
     6 | D        | Noticed a bag of meat
     6 | D        | Noticed a bag of meat
     8 | D        | Noticed a bag of meat
    10 | D        | Noticed a meat berserker
    10 | D        | Killed a bag of meat
    10 | D        | Noticed a meat berserker
    11 | D        | Reached XP level 2. HP: 24/24 MP: 1/1
    11 | D        | Reached XP level 3. HP: 29/29 MP: 2/2
    11 | D        | Reached XP level 4. HP: 36/36 MP: 3/3
    11 | D        | Reached XP level 5. HP: 41/41 MP: 4/4
    11 | D        | Reached XP level 6. HP: 48/48 MP: 5/5
    11 | D        | Reached XP level 7. HP: 55/55 MP: 6/6
    11 | D        | Reached XP level 8. HP: 61/61 MP: 7/7
    11 | D        | Reached XP level 9. HP: 67/67 MP: 8/8
    11 | D        | Reached XP level 10. HP: 73/73 MP: 9/9
    11 | D        | Reached XP level 11. HP: 79/79 MP: 10/10
    11 | D        | Reached XP level 12. HP: 85/85 MP: 11/11
    11 | D        | Noticed a bag of meat
    11 | D        | Noticed a meat berserker
    12 | D        | Mangled by a meat berserker

Illustrated notes

Levels and vault maps discovered:
D:        meatsprint

Skill      XL: |  1 |
---------------+----+-----
Axes           | 18 | 18.1
Dodging        | 18 | 18.1
Fighting       | |  2.1
Short Blades   | |  1.7
Throwing       | |  1.7
Stealth        | |  4.3

Action                   |  1- 3 |  4- 6 |  7- 9 | 10-12 || total
-------------------------+-------+-------+-------+-------++-------
Melee: Executioner's axe |     1 |       |       |       ||     1
Dodge: Dodged            |       |       |       |     1 ||     1
